Login

Tucson Roadrunners vs San Jose Barracuda

Created - 25 April 2024 at 01:09

Goals
1 2 3 T
Tucson Roadrunners 0 1 2 3
San Jose Barracuda 0 4 4 8
Shots
1 2 3 T
Tucson Roadrunners 1 7 10 18
San Jose Barracuda 3 14 26 43

GoalsPenalties
1st period
No Goal
No Penalty
2nd period
1. San Jose Barracuda , William Eklund 20 (Radim Simek 7) at 4:53
2. San Jose Barracuda , Nick Cicek 1 (Tristen Robins 10) at 6:28 (PP)
3. San Jose Barracuda , Oskar Lindblom 8 (Tristen Robins 11, Radim Simek 8) at 12:46 (PP)
4. Tucson Roadrunners , Justin Kirkland 8 (John Leonard 11, Dino Kambeitz 6) at 16:38
5. San Jose Barracuda , Jacob MacDonald 2 (Nathan Todd 2, Tristen Robins 12) at 19:10 (PP)
Jan Jenik (TUC) for Hooking (Minor) at 0:23
Curtis Douglas (TUC) for Slashing (Minor) at 5:39
Oskar Lindblom (SJB) for Roughing (Minor) at 6:54
Travis Barron (TUC) for Tripping (Minor) at 12:23
Vladislav Kolyachonok (TUC) for Hooking (Minor) at 18:32
3rd period
6. San Jose Barracuda , Brandon Coe 1 (Shakir Mukhamadullin 3, Keaton Mastrodonato 1) at 2:57
7. Tucson Roadrunners , Nathan Smith 7 (Sakari Manninen 2, Michael Kesselring 13) at 5:46
8. San Jose Barracuda , Keaton Mastrodonato 1 (Brandon Coe 1, Radim Simek 9) at 7:17
9. Tucson Roadrunners , Sakari Manninen 6 (Nathan Smith 15, Michael Kesselring 14) at 7:31
10. San Jose Barracuda , William Eklund 21 (Ryan Carpenter 17) at 9:42
11. San Jose Barracuda , Tristen Robins 8 (Radim Simek 10, Oskar Lindblom 8) at 13:45
Scott Sabourin (SJB) for Holding (Minor) at 11:15
Curtis Douglas (TUC) for Interference (Minor) at 16:02
Kyle Burroughs (SJB) for Roughing (Minor) at 16:12
Goalie Stats
Strauss Mann (TUC), 12 saves from 16 shots - (0.750), L, 2-3-1, 39:10 minutes
Matthew Villalta (TUC), 23 saves from 27 shots - (0.852), 20:50 minutes
Eetu Makiniemi (SJB), 15 saves from 18 shots - (0.833), W, 9-2-1, 60:00 minutes
3 StarsOfficial
1 - Tristen Robins (SJB)
2 - William Eklund (SJB)
3 - Radim Simek (SJB)
Referees : Kendrick Nicholson and Furman South
Linesman : Stephen Drain and Brandon Gawryletz
Game Note
Matthew Villalta enters game at 19:10 of 2nd period
Finance
Level 1 -- Attendance: 1733 (86.65%) -- Ticket Income $60,655
Level 2 -- Attendance: 886 (88.60%) -- Ticket Income $13,290
Total Attendance: 2619 (87.30%)
Total Ticket Income: $73,945
Other Income: $36,233
Total Income: $110,178



Team Name Goals Shots Shots Attemp Shots Blocked PIM HIT PP PK FO%
Tucson Roadrunners 318541010200 / 3 (0%)351%
San Jose Barracuda 84390116233 / 5 (60%)049%

Tucson Roadrunners
Player Name POS G A P +/- PIM HIT SHT SB MP PP MP PP SHT PK MP PK SHT FO% FOT GA TA
Ben McCartneyC000-100016:090:0000:00067% 310
Cameron CrottyD000-2001021:091:5201:0100% 000
Curtis DouglasC000-2430013:560:1700:00060% 500
Dawson BarteauxD000-2000014:010:1000:3800% 000
Dino KambeitzRW0110010015:231:4900:0000% 010
Jan JenikRW0001200116:390:0000:0000% 400
Joe CarrollLW000-100016:350:0700:4500% 000
John LeonardLW0110043020:201:4902:310100% 111
Josh DoanRW000-2000012:500:0700:0000% 000
Justin KirklandC1010004116:241:4900:00044% 900
Michael KesselringD0222013024:512:0602:5800% 020
Milos KelemenLW000-2011216:452:1200:4300% 010
Montana OnyebuchiD000-2000013:350:1000:0000% 000
Nathan SmithC1121042120:542:1200:43050% 3410
Sakari ManninenRW1121002121:212:0202:39067% 601
Steven KampferD000-2010121:091:5201:0100% 002
Travis BarronLW000-123007:540:0000:370100% 100
Vladislav KolyachonokD0002222124:122:0602:2000% 000
San Jose Barracuda
Player Name POS G A P +/- PIM HIT SHT SB MP PP MP PP SHT PK MP PK SHT FO% FOT GA TA
Blade JenkinsLW0000010011:060:0001:3100% 000
Brandon CoeC112201509:280:0000:45060% 500
Cameron HillisC000200008:220:0000:0000% 000
Jacob MacDonaldD1011031220:351:2412:0800% 001
Keaton MastrodonatoC112200207:310:0000:0000% 000
Kyle BurroughsD0000225028:022:3412:0000% 010
Leon GawankeD0001002210:480:0000:0000% 000
Martin KautRW0001016221:062:1700:00067% 301
Nathan ToddRW011-2011014:201:4200:0000% 001
Nick CicekD1011043019:381:2421:5800% 011
Oskar LindblomLW112-1201116:381:4210:2500% 000
Ozzy WiesblattRW000001009:350:0000:0000% 001
Radim SimekD0440023228:512:3502:1000% 001
Ryan CarpenterC0111021024:142:1702:00047% 3400
Scott SabourinC0001232111:080:0000:00040% 500
Shakir MukhamadullinD0111000010:360:0000:0000% 000
Tristen RobinsC134-1013117:421:4201:27053% 1500
William EklundLW2021018024:202:1702:0800% 121

Tucson Roadrunners

5 vs 5 Forward
Line #Left WingCenterRight WingPHYDFOFWanted %Time %Time Play
1Jan JenikNathan SmithSakari Manninen1224034%16:53
2John LeonardJustin KirklandDino Kambeitz1223029%14:32
3Milos KelemenCurtis DouglasJosh Doan1222025%12:30
4Travis BarronBen McCartneyJohn Leonard1221012%6:09
5 vs 5 Defense
Line #DefenseDefensePHYDFOFWanted %Time %Time Play
1Michael KesselringVladislav Kolyachonok1224043%21:22
2Cameron CrottySteven Kampfer1223030%14:54
3Montana OnyebuchiDawson Barteaux1222020%10:13
4Cameron CrottySteven Kampfer122107%3:35
Power Play Forward
Line #Left WingCenterRight WingPHYDFOFWanted %Time %Time Play
1Milos KelemenNathan SmithSakari Manninen1226052%2:09
2John LeonardJustin KirklandDino Kambeitz1224048%1:59
Power Play Defense
Line #DefenseDefensePHYDFOFWanted %Time %Time Play
1Michael KesselringVladislav Kolyachonok1226055%2:16
2Cameron CrottySteven Kampfer1224045%1:52
Penalty Kill 4 Players Forward
Line #CenterWingPHYDFOFWanted %Time %Time Play
1Sakari ManninenJohn Leonard1226082%3:16
2Nathan SmithMilos Kelemen1224018%0:43
Penalty Kill 4 Players Defense
Line #DefenseDefensePHYDFOFWanted %Time %Time Play
1Vladislav KolyachonokMichael Kesselring1226074%2:58
2Cameron CrottySteven Kampfer1224026%1:01
Penalty Kill 3 Players
Line #WingPHYDFOFWanted %Time %Time PlayDefenseDefensePHYDFOFWanted %Time %Time Play
1Nathan Smith122600%0:00 Dawson BarteauxMontana Onyebuchi122600%0:00
2John Leonard122400%0:00 Cameron CrottySteven Kampfer122400%0:00
4 vs 4 Forward
Line #CenterWingPHYDFOFWanted %Time %Time Play
1Justin KirklandJohn Leonard1226080%1:27
2Nathan SmithMilos Kelemen1224020%0:22
4 vs 4 Defense
Line #DefensePHYDFOFWanted %Time %Time Play
1Montana OnyebuchiDawson Barteaux1226055%60% - 1:00
2Cameron CrottySteven Kampfer1224045%40% - 0:49
Last Minutes Offensive
Left WingCenterRight WingDefenseDefense
John LeonardNathan SmithSakari ManninenMichael KesselringVladislav Kolyachonok
Last Minutes Defensive
Left WingCenterRight WingDefenseDefense
John LeonardNathan SmithSakari ManninenMichael KesselringVladislav Kolyachonok
Time
Total ForwardTotal DefenseLast Minutes OffensiveLast Minutes Defensive
60:00 60:00 0:000:00
Extra Forwards
Normal PowerPlayPenalty Kill
Joe Carroll, Curtis Douglas, Travis BarronJoe Carroll, Curtis DouglasTravis Barron
Extra Defensemen
Normal PowerPlayPenalty Kill
Montana Onyebuchi, Dawson Barteaux, Cameron CrottyMontana Onyebuchi, Dawson BarteauxCameron Crotty
Penalty Shots
Sakari Manninen, John Leonard, Nathan Smith, Milos Kelemen, Justin Kirkland
Goalie
Strauss Mann, Matthew Villalta
Custom OT Lines Forwards
Joe Carroll, John Leonard, Nathan Smith, Milos Kelemen, Justin Kirkland, Sakari Manninen, Dino Kambeitz, Curtis Douglas, Travis Barron, Josh Doan
Custom OT Lines Defensemen
Michael Kesselring, Vladislav Kolyachonok, Cameron Crotty, Steven Kampfer, Montana Onyebuchi
Scratches
Michael Carcone (Healthy), Travis Dermott (Healthy), Tarun Fizer (Healthy), Olli Juolevi (Healthy), Patrick Kudla (Healthy) Connor MacEachern (Healthy), Ryan McGregor (Healthy), Riley McKay (Healthy), Markus Nurmi (Healthy), Zach Sanford (Healthy) Ben Tardif (Healthy), Jake Wise (Healthy), Kenneth Appleby (Healthy), Christopher Gibson (Healthy)

San Jose Barracuda

5 vs 5 Forward
Line #Left WingCenterRight WingPHYDFOFWanted %Time %Time Play
1William EklundRyan CarpenterMartin Kaut1224038%18:51
2Oskar LindblomTristen RobinsNathan Todd1223028%14:07
3Blade JenkinsScott SabourinOzzy Wiesblatt1222019%9:35
4Cameron HillisBrandon CoeKeaton Mastrodonato1221015%7:31
5 vs 5 Defense
Line #DefenseDefensePHYDFOFWanted %Time %Time Play
1Kyle BurroughsRadim Simek1224041%20:44
2Nick CicekJacob MacDonald1223032%16:16
3Leon GawankeShakir Mukhamadullin1222020%9:49
4Kyle BurroughsRadim Simek122106%3:15
Power Play Forward
Line #Left WingCenterRight WingPHYDFOFWanted %Time %Time Play
1William EklundRyan CarpenterMartin Kaut1226057%2:17
2Oskar LindblomTristen RobinsNathan Todd1224043%1:42
Power Play Defense
Line #DefenseDefensePHYDFOFWanted %Time %Time Play
1Kyle BurroughsRadim Simek1226065%2:35
2Nick CicekJacob MacDonald1224035%1:24
Penalty Kill 4 Players Forward
Line #CenterWingPHYDFOFWanted %Time %Time Play
1Ryan CarpenterWilliam Eklund1226081%3:20
2Tristen RobinsOskar Lindblom1224019%0:48
Penalty Kill 4 Players Defense
Line #DefenseDefensePHYDFOFWanted %Time %Time Play
1Kyle BurroughsRadim Simek1226052%2:10
2Nick CicekJacob MacDonald1224048%1:58
Penalty Kill 3 Players
Line #WingPHYDFOFWanted %Time %Time PlayDefenseDefensePHYDFOFWanted %Time %Time Play
1Ryan Carpenter122600%0:00 Kyle BurroughsRadim Simek122600%0:00
2Tristen Robins122400%0:00 Nick CicekJacob MacDonald122400%0:00
4 vs 4 Forward
Line #CenterWingPHYDFOFWanted %Time %Time Play
1Ryan CarpenterWilliam Eklund1226079%1:26
2Tristen RobinsOskar Lindblom1224021%0:23
4 vs 4 Defense
Line #DefensePHYDFOFWanted %Time %Time Play
1Kyle BurroughsRadim Simek12260100%60% - 1:49
2Nick CicekJacob MacDonald122400%40% - 0:00
Last Minutes Offensive
Left WingCenterRight WingDefenseDefense
William EklundRyan CarpenterMartin KautKyle BurroughsRadim Simek
Last Minutes Defensive
Left WingCenterRight WingDefenseDefense
William EklundRyan CarpenterMartin KautKyle BurroughsRadim Simek
Time
Total ForwardTotal DefenseLast Minutes OffensiveLast Minutes Defensive
60:00 60:00 0:000:00
Extra Forwards
Normal PowerPlayPenalty Kill
Tristen Robins, Scott Sabourin, Brandon CoeTristen Robins, Scott SabourinTristen Robins
Extra Defensemen
Normal PowerPlayPenalty Kill
Jacob MacDonald, Leon Gawanke, Shakir MukhamadullinJacob MacDonald, Jacob MacDonaldLeon Gawanke
Penalty Shots
William Eklund, Oskar Lindblom, Ryan Carpenter, Martin Kaut, Tristen Robins
Goalie
Eetu Makiniemi, Adam Scheel
Custom OT Lines Forwards
William Eklund, Oskar Lindblom, Ryan Carpenter, Martin Kaut, Tristen Robins, Scott Sabourin, Brandon Coe, Nathan Todd, Ozzy Wiesblatt, Blade Jenkins
Custom OT Lines Defensemen
Kyle Burroughs, Radim Simek, Nick Cicek, Jacob MacDonald, Leon Gawanke
Scratches
Connor Corcoran (Healthy), Xavier Cormier (Healthy), Zachary Massicotte (Healthy), Jacob Peterson (Back Injury), Luke Richardson (Healthy)


Play-by-Play

1st period


0:01 of 1st period - Ryan Carpenter wins face-off versus Jan Jenik in neutral zone.
0:32 of 1st period - Snap shot by Justin Kirkland.
0:32 of 1st period - Shot Misses the Net.
1:00 of 1st period - Radim Simek is hit by Curtis Douglas and loses puck.
1:13 of 1st period - Wrist shot by Radim Simek.
1:13 of 1st period - Deflect By John Leonard.
1:13 of 1st period - Stopped by Strauss Mann with a rebound.
2:28 of 1st period - Dawson Barteaux is hit by Nick Cicek and loses puck.
3:28 of 1st period - Wrist shot by Martin Kaut.
3:28 of 1st period - Deflect By William Eklund.
3:28 of 1st period - Shot Misses the Net.
3:28 of 1st period - Puck is out of play.
3:29 of 1st period - Justin Kirkland wins face-off versus William Eklund in Tucson Roadrunners zone.
4:02 of 1st period - Justin Kirkland is hit by Ryan Carpenter and loses puck.
4:14 of 1st period - Slapshot by William Eklund.
4:14 of 1st period - Shot Blocked by Justin Kirkland.
4:22 of 1st period - Slapshot by Justin Kirkland.
4:22 of 1st period - Stopped by Eetu Makiniemi with a rebound.
4:24 of 1st period - Snap shot by Justin Kirkland.
4:24 of 1st period - Shot Blocked by Jacob MacDonald.
4:36 of 1st period - Cameron Crotty is hit by Nick Cicek and loses puck.
4:44 of 1st period - Snap shot by Vladislav Kolyachonok.
4:44 of 1st period - Shot Misses the Net.
5:19 of 1st period - Icing by Dino Kambeitz.
5:20 of 1st period - Tristen Robins wins face-off versus Justin Kirkland in Tucson Roadrunners zone.
5:26 of 1st period - Icing by Dino Kambeitz.
5:27 of 1st period - Justin Kirkland wins face-off versus Tristen Robins in Tucson Roadrunners zone.
6:34 of 1st period - Wrist shot by Oskar Lindblom.
6:34 of 1st period - Deflect By Tristen Robins.
6:34 of 1st period - Stopped by Strauss Mann with a rebound.
6:36 of 1st period - Snap shot by Radim Simek.
6:36 of 1st period - Shot Misses the Net.
6:38 of 1st period - Wrist shot by Tristen Robins.
6:38 of 1st period - Shot Blocked by Ben McCartney.
6:52 of 1st period - Sakari Manninen is hit by Ozzy Wiesblatt and loses puck.
7:05 of 1st period - Montana Onyebuchi is hit by Jacob MacDonald and loses puck.
7:58 of 1st period - Tristen Robins is hit by Curtis Douglas.
9:03 of 1st period - John Leonard is hit by Jacob MacDonald and loses puck.
10:01 of 1st period - Nathan Smith is hit by Martin Kaut.
10:21 of 1st period - Oskar Lindblom is hit by Vladislav Kolyachonok and loses puck.
10:34 of 1st period - Slapshot by Jacob MacDonald.
10:34 of 1st period - Shot Blocked by Milos Kelemen.
11:30 of 1st period - Snap shot by William Eklund.
11:30 of 1st period - Shot Misses the Net.
12:26 of 1st period - Blade Jenkins is hit by John Leonard and loses puck.
13:03 of 1st period - Milos Kelemen is hit by Brandon Coe.
13:59 of 1st period - Justin Kirkland is hit by Nathan Todd and loses puck.
14:18 of 1st period - Sakari Manninen is hit by Scott Sabourin and loses puck.
14:36 of 1st period - Nathan Smith is hit by Ryan Carpenter and loses puck.
15:49 of 1st period - Scott Sabourin is hit by John Leonard and loses puck.
16:54 of 1st period - Oskar Lindblom is hit by Travis Barron and loses puck.
17:52 of 1st period - Milos Kelemen is hit by Nick Cicek and loses puck.
18:44 of 1st period - Wrist shot by Tristen Robins.
18:44 of 1st period - Shot Misses the Net.
18:58 of 1st period - Wrist shot by William Eklund.
18:58 of 1st period - Stopped by Strauss Mann with a rebound.
19:35 of 1st period - Slapshot by Leon Gawanke.
19:35 of 1st period - Shot Misses the Net.
Goals for this period are 0 for Tucson Roadrunners vs 0 for San Jose Barracuda.
Shots for this period are 1 for Tucson Roadrunners vs 3 for San Jose Barracuda.

2nd period


0:01 of 2nd period - Nathan Smith wins face-off versus Ryan Carpenter in neutral zone.
0:10 of 2nd period - Snap shot by Martin Kaut.
0:10 of 2nd period - Stopped by Strauss Mann with a rebound.
0:12 of 2nd period - Snap shot by Martin Kaut.
0:12 of 2nd period - Deflect By William Eklund.
0:12 of 2nd period - Stopped by Strauss Mann without a rebound.
0:13 of 2nd period - Martin Kaut wins face-off versus Nathan Smith in Tucson Roadrunners zone.
0:23 of 2nd period - Minor Penalty to Jan Jenik for Hooking.
0:24 of 2nd period - Sakari Manninen wins face-off versus Ryan Carpenter in Tucson Roadrunners zone.
0:41 of 2nd period - Snap shot by Martin Kaut.
0:41 of 2nd period - Shot Misses the Net.
0:58 of 2nd period - Snap shot by Kyle Burroughs.
0:58 of 2nd period - Deflect By Vladislav Kolyachonok.
0:58 of 2nd period - Stopped by Strauss Mann with a rebound.
1:00 of 2nd period - Wrist shot by Tristen Robins.
1:00 of 2nd period - Shot Misses the Net.
2:06 of 2nd period - Martin Kaut is hit by Travis Barron and loses puck.
2:10 of 2nd period - Icing by William Eklund.
2:11 of 2nd period - Travis Barron wins face-off versus Ryan Carpenter in San Jose Barracuda zone.
2:23 of 2nd period - Penalty to Jan Jenik is over, Jan Jenik is back on ice.
2:44 of 2nd period - Backhand shot by Brandon Coe.
2:44 of 2nd period - Deflect By Keaton Mastrodonato.
2:44 of 2nd period - Shot Misses the Net.
2:44 of 2nd period - Puck is out of play.
2:45 of 2nd period - Brandon Coe wins face-off versus Jan Jenik in Tucson Roadrunners zone.
3:58 of 2nd period - Snap shot by John Leonard.
3:58 of 2nd period - Shot Blocked by Martin Kaut.
4:00 of 2nd period - Slapshot by Cameron Crotty.
4:00 of 2nd period - Stopped by Eetu Makiniemi with a rebound.
4:02 of 2nd period - Wrist shot by Cameron Crotty.
4:02 of 2nd period - Shot Misses the Net.
4:04 of 2nd period - Wrist shot by John Leonard.
4:04 of 2nd period - Stopped by Eetu Makiniemi with a rebound.
4:18 of 2nd period - Wrist shot by Martin Kaut.
4:18 of 2nd period - Stopped by Strauss Mann with a rebound.
4:32 of 2nd period - Wrist shot by Martin Kaut.
4:32 of 2nd period - Stopped by Strauss Mann with a rebound.
4:42 of 2nd period - Martin Kaut is hit by John Leonard and loses puck.
4:53 of 2nd period - Wrist shot by William Eklund.
4:53 of 2nd period - Goal by William Eklund - Tucson Roadrunners : 0 - San Jose Barracuda : 1.
4:54 of 2nd period - Nathan Smith wins face-off versus Tristen Robins in neutral zone.
4:56 of 2nd period - Off-side.
4:57 of 2nd period - Nathan Smith wins face-off versus Tristen Robins in neutral zone.
5:22 of 2nd period - Snap shot by Nick Cicek.
5:22 of 2nd period - Deflect By Blade Jenkins.
5:22 of 2nd period - Shot Misses the Net.
5:22 of 2nd period - Puck is out of play.
5:23 of 2nd period - Curtis Douglas wins face-off versus Scott Sabourin in Tucson Roadrunners zone.
5:39 of 2nd period - Minor Penalty to Curtis Douglas for Slashing.
5:40 of 2nd period - Ryan Carpenter wins face-off versus Sakari Manninen in Tucson Roadrunners zone.
6:11 of 2nd period - Off-side.
6:12 of 2nd period - Nathan Smith wins face-off versus Tristen Robins in neutral zone.
6:20 of 2nd period - Icing by Jacob MacDonald.
6:21 of 2nd period - Tristen Robins wins face-off versus Sakari Manninen in San Jose Barracuda zone.
6:28 of 2nd period - Snap shot by Nick Cicek.
6:28 of 2nd period - Deflect By John Leonard.
6:28 of 2nd period - Goal by Nick Cicek - Tucson Roadrunners : 0 - San Jose Barracuda : 2.
6:29 of 2nd period - Ryan Carpenter wins face-off versus Nathan Smith in neutral zone.
6:41 of 2nd period - Snap shot by Martin Kaut.
6:41 of 2nd period - Shot Blocked by Vladislav Kolyachonok.
6:54 of 2nd period - Minor Penalty to Oskar Lindblom for Roughing.
6:55 of 2nd period - Nathan Smith wins face-off versus Ryan Carpenter in San Jose Barracuda zone.
6:57 of 2nd period - Snap shot by Nathan Smith.
6:57 of 2nd period - Shot Misses the Net.
8:12 of 2nd period - Michael Kesselring is hit by William Eklund.
8:16 of 2nd period - Jacob MacDonald is hit by Milos Kelemen and loses puck.
8:54 of 2nd period - Penalty to Oskar Lindblom is over, Oskar Lindblom is back on ice.
9:19 of 2nd period - Jan Jenik is hit by Radim Simek and loses puck.
9:54 of 2nd period - Snap shot by Brandon Coe.
9:54 of 2nd period - Stopped by Strauss Mann with a rebound.
10:12 of 2nd period - Wrist shot by Josh Doan.
10:12 of 2nd period - Shot Blocked by Leon Gawanke.
10:25 of 2nd period - Snap shot by Josh Doan.
10:25 of 2nd period - Shot Misses the Net.
10:27 of 2nd period - Wrist shot by Milos Kelemen.
10:27 of 2nd period - Deflect By Josh Doan.
10:27 of 2nd period - Shot Blocked by Oskar Lindblom.
10:27 of 2nd period - Puck is out of play.
10:28 of 2nd period - Ryan Carpenter wins face-off versus Nathan Smith in San Jose Barracuda zone.
10:28 of 2nd period - Ryan Carpenter is hit by Michael Kesselring.
10:54 of 2nd period - Keaton Mastrodonato is hit by Vladislav Kolyachonok and loses puck.
11:25 of 2nd period - Snap shot by John Leonard.
11:25 of 2nd period - Shot Misses the Net.
11:27 of 2nd period - Slapshot by Michael Kesselring.
11:27 of 2nd period - Stopped by Eetu Makiniemi with a rebound.
11:29 of 2nd period - Wrist shot by Justin Kirkland.
11:29 of 2nd period - Stopped by Eetu Makiniemi without a rebound.
11:30 of 2nd period - Nathan Smith wins face-off versus Ryan Carpenter in San Jose Barracuda zone.
11:31 of 2nd period - Wrist shot by Jan Jenik.
11:31 of 2nd period - Shot Blocked by Jacob MacDonald.
11:37 of 2nd period - William Eklund is hit by Nathan Smith.
11:45 of 2nd period - Snap shot by Martin Kaut.
11:45 of 2nd period - Shot Misses the Net.
11:47 of 2nd period - Slapshot by Nick Cicek.
11:47 of 2nd period - Shot Misses the Net.
11:57 of 2nd period - Nathan Todd is hit by Travis Barron and loses puck.
12:04 of 2nd period - Backhand shot by Tristen Robins.
12:04 of 2nd period - Shot Misses the Net.
12:23 of 2nd period - Minor Penalty to Travis Barron for Tripping.
12:24 of 2nd period - Sakari Manninen wins face-off versus Ryan Carpenter in Tucson Roadrunners zone.
12:46 of 2nd period - Wrist shot by Oskar Lindblom.
12:46 of 2nd period - Goal by Oskar Lindblom - Tucson Roadrunners : 0 - San Jose Barracuda : 3.
12:47 of 2nd period - Ryan Carpenter wins face-off versus Nathan Smith in neutral zone.
12:50 of 2nd period - Slapshot by Kyle Burroughs.
12:50 of 2nd period - Deflect By William Eklund.
12:50 of 2nd period - Shot Misses the Net.
12:50 of 2nd period - Puck is out of play.
12:51 of 2nd period - Nathan Smith wins face-off versus Ryan Carpenter in Tucson Roadrunners zone.
13:20 of 2nd period - Off-side.
13:21 of 2nd period - Tristen Robins wins face-off versus Justin Kirkland in neutral zone.
13:24 of 2nd period - Slapshot by Nick Cicek.
13:24 of 2nd period - Stopped by Strauss Mann with a rebound.
13:46 of 2nd period - Milos Kelemen is hit by Scott Sabourin and loses puck.
14:06 of 2nd period - Snap shot by Jan Jenik.
14:06 of 2nd period - Shot Misses the Net.
14:08 of 2nd period - Slapshot by Vladislav Kolyachonok.
14:08 of 2nd period - Stopped by Eetu Makiniemi without a rebound.
14:09 of 2nd period - Nathan Smith wins face-off versus Ryan Carpenter in San Jose Barracuda zone.
14:25 of 2nd period - Off-side.
14:26 of 2nd period - Justin Kirkland wins face-off versus Tristen Robins in neutral zone.
14:53 of 2nd period - Icing by Ryan Carpenter.
14:54 of 2nd period - Ryan Carpenter wins face-off versus Nathan Smith in San Jose Barracuda zone.
15:05 of 2nd period - Snap shot by Martin Kaut.
15:05 of 2nd period - Shot Misses the Net.
15:07 of 2nd period - Snap shot by Ryan Carpenter.
15:07 of 2nd period - Stopped by Strauss Mann without a rebound.
15:08 of 2nd period - Nathan Smith wins face-off versus Tristen Robins in Tucson Roadrunners zone.
15:33 of 2nd period - Justin Kirkland is hit by Kyle Burroughs and loses puck.
15:56 of 2nd period - Slapshot by Milos Kelemen.
15:56 of 2nd period - Shot Misses the Net.
15:58 of 2nd period - Slapshot by Cameron Crotty.
15:58 of 2nd period - Shot Misses the Net.
16:00 of 2nd period - Slapshot by Cameron Crotty.
16:00 of 2nd period - Deflect By Milos Kelemen.
16:00 of 2nd period - Shot Misses the Net.
16:00 of 2nd period - Puck is out of play.
16:01 of 2nd period - Scott Sabourin wins face-off versus Curtis Douglas in San Jose Barracuda zone.
16:06 of 2nd period - Snap shot by Milos Kelemen.
16:06 of 2nd period - Stopped by Eetu Makiniemi without a rebound.
16:07 of 2nd period - Ryan Carpenter wins face-off versus Nathan Smith in San Jose Barracuda zone.
16:38 of 2nd period - Snap shot by Justin Kirkland.
16:38 of 2nd period - Goal by Justin Kirkland - Tucson Roadrunners : 1 - San Jose Barracuda : 3.
16:39 of 2nd period - Ryan Carpenter wins face-off versus Nathan Smith in neutral zone.
17:22 of 2nd period - Icing by Kyle Burroughs.
17:23 of 2nd period - Scott Sabourin wins face-off versus Curtis Douglas in San Jose Barracuda zone.
17:23 of 2nd period - Scott Sabourin is hit by Curtis Douglas.
18:05 of 2nd period - Jacob MacDonald is hit by Nathan Smith and loses puck.
18:32 of 2nd period - Minor Penalty to Vladislav Kolyachonok for Hooking.
18:33 of 2nd period - John Leonard wins face-off versus Ryan Carpenter in Tucson Roadrunners zone.
19:02 of 2nd period - Wrist shot by Tristen Robins.
19:02 of 2nd period - Shot Misses the Net.
19:04 of 2nd period - Slapshot by Nick Cicek.
19:04 of 2nd period - Stopped by Strauss Mann with a rebound.
19:06 of 2nd period - Snap shot by Tristen Robins.
19:06 of 2nd period - Shot Misses the Net.
19:08 of 2nd period - Wrist shot by Nathan Todd.
19:08 of 2nd period - Shot Misses the Net.
19:10 of 2nd period - Slapshot by Jacob MacDonald.
19:10 of 2nd period - Goal by Jacob MacDonald - Tucson Roadrunners : 1 - San Jose Barracuda : 4.
19:10 of 2nd period - Matthew Villalta enters game.
19:11 of 2nd period - Curtis Douglas wins face-off versus Ryan Carpenter in neutral zone.
19:14 of 2nd period - Snap shot by Vladislav Kolyachonok.
19:14 of 2nd period - Shot Misses the Net.
19:26 of 2nd period - Wrist shot by Ryan Carpenter.
19:26 of 2nd period - Shot Misses the Net.
19:28 of 2nd period - Slapshot by Kyle Burroughs.
19:28 of 2nd period - Stopped by Matthew Villalta with a rebound.
Goals for this period are 1 for Tucson Roadrunners vs 4 for San Jose Barracuda.
Shots for this period are 7 for Tucson Roadrunners vs 14 for San Jose Barracuda.

3rd period


0:01 of 3rd period - Nathan Smith wins face-off versus Ryan Carpenter in neutral zone.
0:28 of 3rd period - Slapshot by John Leonard.
0:28 of 3rd period - Stopped by Eetu Makiniemi with a rebound.
0:30 of 3rd period - Slapshot by Michael Kesselring.
0:30 of 3rd period - Shot Misses the Net.
0:32 of 3rd period - Slapshot by Michael Kesselring.
0:32 of 3rd period - Shot Blocked by Radim Simek.
0:34 of 3rd period - Wrist shot by Vladislav Kolyachonok.
0:34 of 3rd period - Shot Blocked by Tristen Robins.
0:50 of 3rd period - Slapshot by Kyle Burroughs.
0:50 of 3rd period - Shot Misses the Net.
0:58 of 3rd period - Wrist shot by Josh Doan.
0:58 of 3rd period - Shot Misses the Net.
2:51 of 3rd period - Wrist shot by Brandon Coe.
2:51 of 3rd period - Shot Misses the Net.
2:53 of 3rd period - Wrist shot by Keaton Mastrodonato.
2:53 of 3rd period - Shot Hit the Post.
2:55 of 3rd period - Slapshot by Shakir Mukhamadullin.
2:55 of 3rd period - Shot Blocked by Milos Kelemen.
2:57 of 3rd period - Wrist shot by Shakir Mukhamadullin.
2:57 of 3rd period - Deflect By Brandon Coe.
2:57 of 3rd period - Goal by Brandon Coe - Tucson Roadrunners : 1 - San Jose Barracuda : 5.
2:58 of 3rd period - Sakari Manninen wins face-off versus Ryan Carpenter in neutral zone.
4:09 of 3rd period - Slapshot by Nick Cicek.
4:09 of 3rd period - Deflect By Brandon Coe.
4:09 of 3rd period - Shot Misses the Net.
4:09 of 3rd period - Puck is out of play.
4:10 of 3rd period - Nathan Smith wins face-off versus Ryan Carpenter in Tucson Roadrunners zone.
4:18 of 3rd period - Leon Gawanke is hit by Nathan Smith and loses puck.
4:23 of 3rd period - Slapshot by Michael Kesselring.
4:23 of 3rd period - Deflect By Nathan Smith.
4:23 of 3rd period - Shot Misses the Net.
4:23 of 3rd period - Puck is out of play.
4:24 of 3rd period - Tristen Robins wins face-off versus Nathan Smith in San Jose Barracuda zone.
4:24 of 3rd period - Tristen Robins is hit by Nathan Smith.
4:50 of 3rd period - Dino Kambeitz is hit by Radim Simek and loses puck.
5:00 of 3rd period - Snap shot by Justin Kirkland.
5:00 of 3rd period - Stopped by Eetu Makiniemi without a rebound.
5:01 of 3rd period - Justin Kirkland wins face-off versus Ryan Carpenter in San Jose Barracuda zone.
5:32 of 3rd period - Slapshot by Milos Kelemen.
5:32 of 3rd period - Shot Misses the Net.
5:34 of 3rd period - Snap shot by Curtis Douglas.
5:34 of 3rd period - Deflect By Josh Doan.
5:34 of 3rd period - Shot Misses the Net.
5:34 of 3rd period - Puck is out of play.
5:35 of 3rd period - Nathan Smith wins face-off versus Tristen Robins in San Jose Barracuda zone.
5:42 of 3rd period - Wrist shot by Sakari Manninen.
5:42 of 3rd period - Stopped by Eetu Makiniemi with a rebound.
5:44 of 3rd period - Snap shot by Sakari Manninen.
5:44 of 3rd period - Shot Misses the Net.
5:46 of 3rd period - Wrist shot by Nathan Smith.
5:46 of 3rd period - Goal by Nathan Smith - Tucson Roadrunners : 2 - San Jose Barracuda : 5.
5:47 of 3rd period - Nathan Smith wins face-off versus Martin Kaut in neutral zone.
6:41 of 3rd period - Slapshot by Josh Doan.
6:41 of 3rd period - Shot Blocked by Leon Gawanke.
6:43 of 3rd period - Slapshot by Steven Kampfer.
6:43 of 3rd period - Shot Blocked by Scott Sabourin.
6:55 of 3rd period - Wrist shot by Scott Sabourin.
6:55 of 3rd period - Stopped by Matthew Villalta with a rebound.
6:57 of 3rd period - Slapshot by Kyle Burroughs.
6:57 of 3rd period - Stopped by Matthew Villalta with a rebound.
6:59 of 3rd period - Slapshot by Brandon Coe.
6:59 of 3rd period - Stopped by Matthew Villalta without a rebound.
7:00 of 3rd period - Brandon Coe wins face-off versus Nathan Smith in Tucson Roadrunners zone.
7:03 of 3rd period - Slapshot by Radim Simek.
7:03 of 3rd period - Stopped by Matthew Villalta with a rebound.
7:05 of 3rd period - Slapshot by Brandon Coe.
7:05 of 3rd period - Stopped by Matthew Villalta with a rebound.
7:07 of 3rd period - Slapshot by Keaton Mastrodonato.
7:07 of 3rd period - Shot Misses the Net.
7:09 of 3rd period - Slapshot by Radim Simek.
7:09 of 3rd period - Shot Misses the Net.
7:11 of 3rd period - Snap shot by Keaton Mastrodonato.
7:11 of 3rd period - Shot Misses the Net.
7:13 of 3rd period - Snap shot by Brandon Coe.
7:13 of 3rd period - Shot Misses the Net.
7:15 of 3rd period - Slapshot by Keaton Mastrodonato.
7:15 of 3rd period - Stopped by Matthew Villalta with a rebound.
7:17 of 3rd period - Snap shot by Keaton Mastrodonato.
7:17 of 3rd period - Goal by Keaton Mastrodonato - Tucson Roadrunners : 2 - San Jose Barracuda : 6.
7:18 of 3rd period - Nathan Smith wins face-off versus Ryan Carpenter in neutral zone.
7:21 of 3rd period - Backhand shot by Michael Kesselring.
7:21 of 3rd period - Stopped by Eetu Makiniemi with a rebound.
7:23 of 3rd period - Snap shot by Michael Kesselring.
7:23 of 3rd period - Shot Misses the Net.
7:25 of 3rd period - Backhand shot by Vladislav Kolyachonok.
7:25 of 3rd period - Stopped by Eetu Makiniemi with a rebound.
7:27 of 3rd period - Slapshot by Michael Kesselring.
7:27 of 3rd period - Shot Misses the Net.
7:29 of 3rd period - Slapshot by Nathan Smith.
7:29 of 3rd period - Shot Blocked by Radim Simek.
7:31 of 3rd period - Slapshot by Sakari Manninen.
7:31 of 3rd period - Goal by Sakari Manninen - Tucson Roadrunners : 3 - San Jose Barracuda : 6.
7:32 of 3rd period - Ryan Carpenter wins face-off versus Nathan Smith in neutral zone.
7:44 of 3rd period - Snap shot by William Eklund.
7:44 of 3rd period - Stopped by Matthew Villalta without a rebound.
7:45 of 3rd period - Ryan Carpenter wins face-off versus Jan Jenik in Tucson Roadrunners zone.
7:48 of 3rd period - Wrist shot by Martin Kaut.
7:48 of 3rd period - Shot Blocked by Jan Jenik.
7:59 of 3rd period - Snap shot by Nathan Smith.
7:59 of 3rd period - Shot Misses the Net.
8:01 of 3rd period - Wrist shot by Michael Kesselring.
8:01 of 3rd period - Shot Blocked by Martin Kaut.
8:56 of 3rd period - Snap shot by Milos Kelemen.
8:56 of 3rd period - Shot Misses the Net.
9:42 of 3rd period - Snap shot by William Eklund.
9:42 of 3rd period - Goal by William Eklund - Tucson Roadrunners : 3 - San Jose Barracuda : 7.
9:43 of 3rd period - Tristen Robins wins face-off versus Nathan Smith in neutral zone.
9:48 of 3rd period - Radim Simek is hit by Steven Kampfer and loses puck.
9:56 of 3rd period - Off-side.
9:57 of 3rd period - Tristen Robins wins face-off versus Nathan Smith in neutral zone.
10:08 of 3rd period - Snap shot by Tristen Robins.
10:08 of 3rd period - Deflect By Nathan Todd.
10:08 of 3rd period - Stopped by Matthew Villalta with a rebound.
10:49 of 3rd period - Off-side.
10:50 of 3rd period - Tristen Robins wins face-off versus Nathan Smith in neutral zone.
11:07 of 3rd period - Icing by Nathan Smith.
11:08 of 3rd period - Nathan Smith wins face-off versus Scott Sabourin in Tucson Roadrunners zone.
11:08 of 3rd period - Nathan Smith is hit by Blade Jenkins.
11:15 of 3rd period - Minor Penalty to Scott Sabourin for Holding.
11:16 of 3rd period - Ryan Carpenter wins face-off versus Nathan Smith in San Jose Barracuda zone.
13:15 of 3rd period - Penalty to Scott Sabourin is over, Scott Sabourin is back on ice.
13:19 of 3rd period - Wrist shot by Tristen Robins.
13:19 of 3rd period - Stopped by Matthew Villalta with a rebound.
13:21 of 3rd period - Slapshot by Scott Sabourin.
13:21 of 3rd period - Stopped by Matthew Villalta with a rebound.
13:23 of 3rd period - Wrist shot by Tristen Robins.
13:23 of 3rd period - Shot Misses the Net.
13:25 of 3rd period - Slapshot by Radim Simek.
13:25 of 3rd period - Stopped by Matthew Villalta with a rebound.
13:27 of 3rd period - Slapshot by Radim Simek.
13:27 of 3rd period - Shot Blocked by Steven Kampfer.
13:43 of 3rd period - Snap shot by Tristen Robins.
13:43 of 3rd period - Shot Misses the Net.
13:45 of 3rd period - Backhand shot by Radim Simek.
13:45 of 3rd period - Deflect By Tristen Robins.
13:45 of 3rd period - Goal by Tristen Robins - Tucson Roadrunners : 3 - San Jose Barracuda : 8.
13:46 of 3rd period - Nathan Smith wins face-off versus Ryan Carpenter in neutral zone.
13:55 of 3rd period - Snap shot by Nathan Smith.
13:55 of 3rd period - Shot Misses the Net.
13:57 of 3rd period - Wrist shot by Jan Jenik.
13:57 of 3rd period - Deflect By Nathan Smith.
13:57 of 3rd period - Stopped by Eetu Makiniemi without a rebound.
13:58 of 3rd period - Ryan Carpenter wins face-off versus Nathan Smith in San Jose Barracuda zone.
14:10 of 3rd period - Snap shot by Nathan Smith.
14:10 of 3rd period - Deflect By Jan Jenik.
14:10 of 3rd period - Shot Misses the Net.
14:10 of 3rd period - Puck is out of play.
14:11 of 3rd period - Nathan Smith wins face-off versus Ryan Carpenter in San Jose Barracuda zone.
14:18 of 3rd period - Snap shot by Martin Kaut.
14:18 of 3rd period - Stopped by Matthew Villalta with a rebound.
14:24 of 3rd period - Slapshot by Michael Kesselring.
14:24 of 3rd period - Deflect By Nathan Smith.
14:24 of 3rd period - Shot Misses the Net.
14:24 of 3rd period - Puck is out of play.
14:25 of 3rd period - Tristen Robins wins face-off versus Justin Kirkland in San Jose Barracuda zone.
14:25 of 3rd period - Tristen Robins is hit by Dino Kambeitz.
14:39 of 3rd period - Wrist shot by Oskar Lindblom.
14:39 of 3rd period - Shot Misses the Net.
14:41 of 3rd period - Slapshot by Kyle Burroughs.
14:41 of 3rd period - Stopped by Matthew Villalta with a rebound.
14:48 of 3rd period - Icing by Vladislav Kolyachonok.
14:49 of 3rd period - Ryan Carpenter wins face-off versus Justin Kirkland in Tucson Roadrunners zone.
14:50 of 3rd period - Slapshot by William Eklund.
14:50 of 3rd period - Shot Misses the Net.
14:56 of 3rd period - Snap shot by William Eklund.
14:56 of 3rd period - Stopped by Matthew Villalta without a rebound.
14:57 of 3rd period - Martin Kaut wins face-off versus Nathan Smith in Tucson Roadrunners zone.
14:58 of 3rd period - Snap shot by William Eklund.
14:58 of 3rd period - Shot Misses the Net.
15:00 of 3rd period - Wrist shot by Martin Kaut.
15:00 of 3rd period - Stopped by Matthew Villalta without a rebound.
15:01 of 3rd period - Ryan Carpenter wins face-off versus Nathan Smith in Tucson Roadrunners zone.
15:04 of 3rd period - Slapshot by Martin Kaut.
15:04 of 3rd period - Stopped by Matthew Villalta without a rebound.
15:05 of 3rd period - Ryan Carpenter wins face-off versus Jan Jenik in Tucson Roadrunners zone.
15:08 of 3rd period - Snap shot by William Eklund.
15:08 of 3rd period - Shot Misses the Net.
15:12 of 3rd period - Backhand shot by William Eklund.
15:12 of 3rd period - Shot Misses the Net.
15:14 of 3rd period - Slapshot by Kyle Burroughs.
15:14 of 3rd period - Stopped by Matthew Villalta with a rebound.
15:16 of 3rd period - Backhand shot by Ryan Carpenter.
15:16 of 3rd period - Shot Blocked by Sakari Manninen.
15:18 of 3rd period - Snap shot by William Eklund.
15:18 of 3rd period - Stopped by Matthew Villalta with a rebound.
15:20 of 3rd period - Backhand shot by Martin Kaut.
15:20 of 3rd period - Shot Misses the Net.
15:42 of 3rd period - Wrist shot by Tristen Robins.
15:42 of 3rd period - Shot Misses the Net.
15:54 of 3rd period - Slapshot by Nick Cicek.
15:54 of 3rd period - Deflect By Scott Sabourin.
15:54 of 3rd period - Shot Misses the Net.
15:54 of 3rd period - Puck is out of play.
15:55 of 3rd period - Curtis Douglas wins face-off versus Scott Sabourin in Tucson Roadrunners zone.
15:55 of 3rd period - Curtis Douglas is hit by Scott Sabourin.
16:02 of 3rd period - Minor Penalty to Curtis Douglas for Interference.
16:03 of 3rd period - Sakari Manninen wins face-off versus Ryan Carpenter in Tucson Roadrunners zone.
16:12 of 3rd period - Minor Penalty to Kyle Burroughs for Roughing.
16:13 of 3rd period - Ryan Carpenter wins face-off versus Justin Kirkland in San Jose Barracuda zone.
16:56 of 3rd period - Milos Kelemen is hit by Tristen Robins and loses puck.
17:01 of 3rd period - Slapshot by Oskar Lindblom.
17:01 of 3rd period - Shot Blocked by Nathan Smith.
17:35 of 3rd period - Slapshot by Leon Gawanke.
17:35 of 3rd period - Stopped by Matthew Villalta with a rebound.
17:37 of 3rd period - Snap shot by Brandon Coe.
17:37 of 3rd period - Stopped by Matthew Villalta with a rebound.
17:39 of 3rd period - Slapshot by Leon Gawanke.
17:39 of 3rd period - Stopped by Matthew Villalta with a rebound.
17:41 of 3rd period - Slapshot by Shakir Mukhamadullin.
17:41 of 3rd period - Shot Blocked by Joe Carroll.
17:53 of 3rd period - Jacob MacDonald is hit by John Leonard and loses puck.
18:02 of 3rd period - Penalty to Curtis Douglas is over, Curtis Douglas is back on ice.
18:10 of 3rd period - Dawson Barteaux is hit by Jacob MacDonald and loses puck.
18:12 of 3rd period - Penalty to Kyle Burroughs is over, Kyle Burroughs is back on ice.
18:25 of 3rd period - Dawson Barteaux is hit by Nick Cicek and loses puck.
18:38 of 3rd period - Nathan Smith is hit by Kyle Burroughs and loses puck.
18:55 of 3rd period - Snap shot by Tristen Robins.
18:55 of 3rd period - Shot Misses the Net.
19:09 of 3rd period - Wrist shot by Nathan Smith.
19:09 of 3rd period - Deflect By Oskar Lindblom.
19:09 of 3rd period - Shot Misses the Net.
19:09 of 3rd period - Puck is out of play.
19:10 of 3rd period - Ben McCartney wins face-off versus Brandon Coe in San Jose Barracuda zone.
19:11 of 3rd period - Wrist shot by John Leonard.
19:11 of 3rd period - Stopped by Eetu Makiniemi without a rebound.
19:12 of 3rd period - Ben McCartney wins face-off versus Brandon Coe in San Jose Barracuda zone.
19:13 of 3rd period - Snap shot by Michael Kesselring.
19:13 of 3rd period - Deflect By Brandon Coe.
19:13 of 3rd period - Stopped by Eetu Makiniemi without a rebound.
19:14 of 3rd period - Brandon Coe wins face-off versus Ben McCartney in San Jose Barracuda zone.
19:49 of 3rd period - Backhand shot by William Eklund.
19:49 of 3rd period - Stopped by Matthew Villalta with a rebound.
Goals for this period are 2 for Tucson Roadrunners vs 4 for San Jose Barracuda.
Shots for this period are 10 for Tucson Roadrunners vs 26 for San Jose Barracuda.